 Dungeon Crawl Stone Soup version 0.23-a0-481-g60b89c1 (webtiles) character file.

27850 theanonym the Spear-Bearer (level 13, 0/106 HPs)
             Began as a Mummy Warper on Nov 29, 2018.
             Was a High Priest of Okawaru.
             Slain by a lorocyproca (19 damage)
             ... on level 1 of the Abyss.
             The game lasted 00:29:32 (17258 turns).

theanonym the Spear-Bearer (Mummy Warper)          Turns: 17258, Time: 00:29:33

Health: 0/106      AC: 25    Str: 23      XL:     13   Next: 6%
Magic:  18/18      EV:  3    Int: 12      God:    Okawaru [*****.]
Gold:   1015       SH: 16    Dex:  9 (11) Spells: 17/17 levels left

rFire    . . .     SeeInvis .   b - +0 trident (pierce)
rCold    . . .     Gourm    .   u - +0 large shield
rNeg     + + +     Faith    +   q - +10 plate armour {ponderous}
rPois    ∞         Spirit   .   p - +1 helmet of Jimnicua {rElec}
rElec    +         Reflect  .   r - +1 cloak {rPois} {god gift}
rCorr    .         Harm     .   (no gloves)
MR       +....                  x - +0 pair of boots of Pleasant Breezes {rPois Str+3} (curse)
Stlth    ..........             j - amulet of faith
HPRegen  0.27/turn              A - +4 ring of slaying
MPRegen  0.16/turn              k - ring of fire

@: slow
A: no food or potions, fire vulnerability, cold resistance 1, negative energy
resistance 3, torment resistance, unbreathing, in touch with death 1
a: Heroism, Finesse, Renounce Religion


Innate Abilities, Weirdness & Mutations

You do not eat or drink.
Your flesh is vulnerable to fire.
You are immune to poison.
Your flesh is cold resistant. (rC+)
You are immune to negative energy. (rN+++)
You are immune to unholy pain and torment.
You can survive without breathing.
You are in touch with the powers of death.


   Skills:
 + Level 11.1 Fighting
 * Level 12.9 Polearms
 - Level 0.7 Throwing
 - Level 0.7 Armour
 - Level 1.5 Dodging
 + Level 7.3 Shields
 - Level 2.6 Spellcasting
   Level 2.4 Translocations
 + Level 7.2 Invocations


You had 17 spell levels left.
You didn't know any spells.
Your spell library contained the following spells:

 Spells                   Type           Power        Failure   Level  Hunger
 Confusing Touch          Hex            #.....       100%        1    N/A
 Magic Dart               Conj           #...         100%        1    N/A
 Blink                    Tloc           N/A          100%        2    N/A
 Shroud of Golubria       Chrm/Tloc      #.........   100%        2    N/A
 Slow                     Hex            #.......     100%        2    N/A
 Confuse                  Hex            #.......     100%        3    N/A
 Conjure Flame            Conj/Fire      #.......     100%        3    N/A
 Gell's Gravitas          Tloc           #.........   100%        3    N/A
 Lesser Beckoning         Tloc           #.........   100%        3    N/A
 Mephitic Cloud           Conj/Pois/Air  #.......     100%        3    N/A
 Teleport Other           Tloc           #.......     100%        3    N/A
 Passage of Golubria      Tloc           N/A          100%        4    N/A
 Petrify                  Tmut/Erth      #.......     100%        4    N/A
 Fireball                 Conj/Fire      #.........   100%        5    N/A
 Metabolic Englaciation   Hex/Ice        #.........   100%        5    N/A
 Yara's Violent Unravell  Hex/Tmut       #.........   100%        5    N/A

Skill      XL: |  1  2  3  4  5  6  7  8  9 10 11 12 |
---------------+-------------------------------------+-----
Polearms       | 2 3 4 5 6 7 9 10 11 12 | 12.9
Fighting       | 3 4 5 6 7 9 10 11 | 11.1
Invocations    | 1 3 4 5 7 |  7.2
Shields        | 2 4 6 7 |  7.3
Throwing       | |  0.7
Armour         | |  0.7
Dodging        | |  1.5
Spellcasting   | |  2.6
Translocations | |  2.4

Action                   |  1- 3 |  4- 6 |  7- 9 | 10-12 | 13-15 || total
-------------------------+-------+-------+-------+-------+-------++-------
Melee: Spear             |   137 |   110 |       |       |       ||   247
       Trident           |       |    50 |   496 |  1203 |    31 ||  1780
       Scythe            |       |       |    10 |       |       ||    10
Throw: Tomahawk          |       |       |     5 |       |       ||     5
       Throwing net      |       |       |     2 |       |       ||     2
Invok: Heroism           |       |       |     2 |    18 |     2 ||    22
       Finesse           |       |       |       |     4 |     1 ||     5
Evoke: Wand              |       |       |     6 |     6 |       ||    12
  Use: Scroll            |     3 |     4 |     8 |     6 |     1 ||    22
 Stab: Held in net/web   |       |       |     1 |       |       ||     1
Armor: Leather armour    |     6 |       |       |       |       ||     6
       Ring mail         |    33 |    12 |       |       |       ||    45
       Chain mail        |       |    36 |    28 |       |       ||    64
       Plate armour      |       |       |   323 |   718 |     1 ||  1042
       Ice dragon scales |       |       |       |     8 |       ||     8
Dodge: Dodged            |    55 |    40 |    92 |   126 |     2 ||   315
Block: Shield            |       |       |   115 |   118 |       ||   233
       Large shield      |       |       |       |   705 |    11 ||   716

Inventory:

Hand Weapons
 b - a +0 trident of piercing (weapon)
   (You took it off an orc on level 5 of the Dungeon)
Armour
 p - the +1 helmet of Jimnicua (worn) {rElec}
   (You bought it in a shop on level 6 of the Dungeon)

   It insulates you from electricity.
 q - a +10 plate armour of ponderousness (worn)
   (You found it on level 5 of the Dungeon)
 r - a +1 cloak of poison resistance (worn) {god gift}
   (Okawaru gifted it to you on level 9 of the Dungeon)
 u - a +0 large shield (worn)
   (You found it on level 9 of the Dungeon)
 x - the cursed +0 pair of boots of Pleasant Breezes (worn) {rPois Str+3}
   (You bought it in a shop on level 6 of the Dungeon)

   It affects your strength (+3).
   It protects you from poison.
   It has a curse placed upon it.
Jewellery
 j - an amulet of faith (around neck)
   (You found it on level 2 of the Dungeon)
 k - a ring of fire (right hand)
   (You found it on level 2 of the Dungeon)
 l - an uncursed ring of flight
   (You found it on level 4 of the Dungeon)
 z - a cursed amulet of inaccuracy {unknown}
   (You found it on level 9 of the Dungeon)
 A - a +4 ring of slaying (left hand)
   (You found it on level 1 of the Dungeon)
 F - an uncursed ring of protection from cold
   (You found it in an ice cave)
Wands
 a - a wand of random effects (20)
   (You took it off Sigmund on level 5 of the Dungeon)
 c - a wand of clouds (5)
   (You found it on level 9 of the Dungeon)
 i - a wand of polymorph (6)
   (You found it on level 4 of the Dungeon)
 v - a wand of flame (27)
   (You found it on level 7 of the Dungeon)
 C - a wand of enslavement (11)
   (You found it on level 4 of the Dungeon)
Scrolls
 g - 2 scrolls of enchant armour
 h - 5 scrolls of immolation
 m - 5 scrolls of fear
 n - 4 scrolls of remove curse
 o - 2 scrolls of enchant weapon
 t - 4 scrolls of teleportation {!r}
 w - 3 scrolls of amnesia
 B - 3 scrolls of blinking


You were on level 1 of the Abyss.
You worshipped Okawaru.
Okawaru was extremely pleased with you.
You were not hungry.

You visited 2 branches of the dungeon, and saw 13 of its levels.
You visited the Abyss 1 time.
You also visited: Ice Cave.

You collected 1603 gold pieces.
You spent 588 gold pieces at shops.

Dungeon Overview and Level Annotations

Branches:
Dungeon (11/15)            Temple (0/1) D:4             Orc (2/2) D:10
   Lair: D:8-11         Elf: Orc:2

Altars:
Ashenzari
Dithmenos
Gozag
Kikubaaqudgha
Okawaru
Uskayaw

Shops:
D:6 [?%([ D:9

[ ###.
#.. #.. #
#.##
#.##..#
#.#.#..##
#...#..#
#...@#
#..###
#.#.. #..
# . .#..
.##. ...
. #.. .#
..


There were no monsters in sight!

Notes
Turn   | Place    | Note
-------+----------+-------------------------------------------
     0 | D:1      | theanonym the Mummy Warper began the quest for the Orb.
     0 | D:1      | Reached XP level 1. HP: 16/16 MP: 4/4
   468 | D:1      | Reached skill level 2 in Polearms
   476 | D:1      | Reached XP level 2. HP: 22/22 MP: 5/5
   898 | D:2      | Reached XP level 3. HP: 16/28 MP: 7/7
  1284 | D:2      | Reached skill level 3 in Polearms
  1296 | D:2      | Found an iron altar of Okawaru.
  1311 | D:2      | Became a worshipper of Warmaster Okawaru
  1722 | D:3      | Reached XP level 4. HP: 34/34 MP: 8/8
  1804 | D:3      | Reached skill level 3 in Fighting
  1918 | D:3      | HP: 17/35 [adder (4)]
  1923 | D:3      | HP: 17/35 [jackal (1)]
  2123 | D:3      | Reached XP level 5. HP: 41/41 MP: 9/9
  2181 | D:3      | Reached skill level 4 in Polearms
  2610 | D:3      | You fall through a shaft for 2 floors!
  2610 | D:5      | Entered Level 5 of the Dungeon
  2643 | D:5      | Reached * piety under Okawaru
  2643 | D:5      | Reached XP level 6. HP: 33/48 MP: 10/10
  2817 | D:4      | HP: 21/48 [centaur/arrow (5)]
  2819 | D:4      | HP: 9/48 [centaur (3)]
  2820 | D:4      | Reached skill level 4 in Fighting
  3150 | D:4      | Found a staircase to the Ecumenical Temple.
  3187 | D:4      | Found an ancient bone altar of Kikubaaqudgha.
  3187 | D:4      | Noticed a human
  3257 | D:4      | Found a shadowy altar of Dithmenos.
  3268 | D:4      | Reached skill level 5 in Polearms
  3268 | D:4      | Reached skill level 1 in Invocations
  3305 | D:3      | HP: 21/49 [orc wizard/puff of flame (19)]
  3310 | D:3      | Reached ** piety under Okawaru
  3310 | D:3      | Reached XP level 7. HP: 20/55 MP: 11/11
  3619 | D:4      | Found an ancient bone altar of Kikubaaqudgha.
  3619 | D:4      | Found a shattered altar of Ashenzari.
  3882 | D:5      | HP: 16/55 [ice beast (14)]
  3887 | D:5      | HP: 10/55 [ice beast (1)]
  3891 | D:5      | Reached skill level 2 in Invocations
  4537 | D:5      | Reached skill level 5 in Fighting
  4598 | D:5      | HP: 28/56 [gnoll sergeant/+0 falchion (2)]
  4604 | D:5      | HP: 28/56 [gnoll sergeant/stone (1)]
  4660 | D:5      | HP: 25/56 [gnoll sergeant/+0 falchion (8)]
  4670 | D:5      | HP: 10/56 [gnoll sergeant/+0 falchion (7)]
  5071 | D:5      | Reached skill level 6 in Polearms
  5118 | D:5      | Noticed Sigmund
  5128 | D:5      | Killed Sigmund
  5128 | D:5      | Reached *** piety under Okawaru
  5128 | D:5      | Reached skill level 3 in Invocations
  5128 | D:5      | Reached XP level 8. HP: 54/62 MP: 12/12
  6098 | D:6      | HP: 24/64 [orc wizard/puff of flame (13)]
  6268 | D:6      | HP: 29/64 [sky beast (6)]
  6465 | D:6      | Found Qontat's Antique Armour Shoppe.
  6468 | D:6      | Bought a pair of translucent boots for 294 gold pieces
  6473 | D:6      | Identified the cursed +0 pair of boots of Pleasant Breezes
                  | {rPois Str+3} (You bought it in a shop on level 6 of the
                  | Dungeon)
  6524 | D:6      | Reached skill level 7 in Polearms
  6529 | D:6      | Reached skill level 6 in Fighting
  6536 | D:6      | Reached skill level 4 in Invocations
  6540 | D:6      | Noticed a +0 hand axe
  6541 | D:6      | Noticed a +0 hand axe
  6563 | D:6      | HP: 31/64 [orc priest/divine providence (12)]
  6571 | D:6      | HP: 23/64 [orc priest/divine providence (8)]
  6591 | D:6      | HP: 18/64 [something/magic dart (9)]
  6603 | D:6      | HP: 16/64 [something (1)]
  6614 | D:5      | Reached **** piety under Okawaru
  7003 | D:6      | Found a transporter.
  7003 | D:6      | Noticed HydraWiggins's ghost (novice TrAE)
  7029 | D:6      | Found a transporter.
  7049 | D:6      | Found a hide-covered altar of Uskayaw.
  7055 | D:6      | Found Qaugut's Weapon Boutique.
  7093 | D:6      | Found Suwom's Antique Armour Shop.
  7132 | D:6      | Found Oxamuf's Food Emporium.
  7150 | D:6      | Found Taloth's Magic Scroll Shop.
  7242 | D:6      | Reached XP level 9. HP: 70/70 MP: 13/13
  7741 | D:7      | Reached skill level 8 in Polearms
  7924 | D:7      | Noticed Duvessa
  7924 | D:7      | Noticed Dowan
  7941 | D:7      | Killed Duvessa
  7982 | D:7      | Killed Dowan
  7982 | D:7      | Reached skill level 7 in Fighting
  7982 | D:7      | Reached skill level 5 in Invocations
  8240 | D:7      | Reached skill level 1 in Shields
  8316 | D:8      | Noticed a two-headed ogre
  8324 | D:8      | HP: 32/72 [two-headed ogre/+0 giant club (24)]
  8335 | D:8      | HP: 21/72 [orc wizard/magic dart (5)]
  8598 | D:8      | Found a transporter.
  8598 | D:8      | Found a transporter.
  8669 | D:8      | Killed a two-headed ogre
  8669 | D:8      | Reached ***** piety under Okawaru
  8669 | D:8      | Reached skill level 9 in Polearms
  8669 | D:8      | Reached skill level 2 in Shields
  8669 | D:8      | Reached XP level 10. HP: 68/80 MP: 14/14
  9050 | D:8      | Noticed Ontamu's ghost (novice GrFi)
  9264 | D:8      | Reached skill level 8 in Fighting
  9280 | D:8      | Killed Ontamu's ghost
  9280 | D:8      | Received a gift from Okawaru
  9280 | D:8      | Reached skill level 3 in Shields
  9513 | D:6      | Killed HydraWiggins's ghost
  9513 | D:6      | Reached skill level 10 in Polearms
  9608 | D:9      | Noticed a two-headed ogre
  9611 | D:8      | Noticed a sea snake
  9611 | D:8      | a two-headed ogre changed into a sea snake
  9628 | D:8      | HP: 31/82 [sea snake (15)]
  9637 | D:8      | HP: 16/82 [sea snake (12)]
  9644 | D:8      | Killed a sea snake
  9644 | D:8      | Reached skill level 4 in Shields
 10083 | D:9      | Found Amowuso's Antique Armour Emporium.
 10306 | D:9      | Found an opulent altar of Gozag.
 10346 | D:9      | Noticed a two-headed ogre
 10508 | D:9      | Reached skill level 9 in Fighting
 10508 | D:9      | Reached XP level 11. HP: 89/89 MP: 13/15
 10529 | D:9      | Killed a two-headed ogre
 10529 | D:9      | Received a gift from Okawaru
 11052 | D:10     | Entered Level 10 of the Dungeon
 11052 | D:10     | Noticed Urug
 11521 | D:9      | Killed Urug
 11521 | D:9      | Reached skill level 11 in Polearms
 11521 | D:9      | Reached skill level 5 in Shields
 11574 | D:9      | HP: 41/89 [killer bee (8)]
 12106 | D:6      | Bought an ancient helmet for 294 gold pieces
 12116 | D:6      | Identified the +1 helmet of Jimnicua {rElec} (You bought it
                  | in a shop on level 6 of the Dungeon)
 12209 | D:10     | Noticed a two-headed ogre
 12221 | D:10     | Killed a two-headed ogre
 12408 | D:10     | HP: 43/90 [killer bee (4)]
 12413 | D:10     | HP: 39/90 [killer bee (1)]
 12441 | D:10     | HP: 43/90 [killer bee (2)]
 12663 | D:10     | Identified Sif Muna's Guide on the Oath and Confrontation
 12691 | D:10     | Reached skill level 10 in Fighting
 13123 | D:10     | Killed an unseen horror
 13123 | D:10     | Received a gift from Okawaru
 13253 | D:10     | Found a staircase to the Orcish Mines.
 13434 | D:10     | Reached skill level 6 in Shields
 13526 | D:10     | Reached XP level 12. HP: 97/97 MP: 16/16
 13771 | D:10     | Noticed a two-headed ogre
 13781 | D:10     | Killed a two-headed ogre
 13986 | Orc:1    | Entered Level 1 of the Orcish Mines
 14016 | Orc:1    | Found a frozen archway.
 14031 | Orc:1    | Reached skill level 12 in Polearms
 14050 | Orc:1    | Noticed a stone giant
 14057 | IceCv    | Entered an ice cave
 14244 | IceCv    | Reached skill level 6 in Invocations
 14760 | IceCv    | Noticed an ice dragon
 14760 | IceCv    | Noticed an ice dragon
 14805 | IceCv    | Killed an ice dragon
 15407 | IceCv    | HP: 48/99 [ice dragon/blast of cold (4)]
 15412 | IceCv    | Killed an ice dragon
 15794 | Orc:1    | Killed a stone giant
 15794 | Orc:1    | Received a gift from Okawaru
 16498 | Orc:2    | Entered Level 2 of the Orcish Mines
 16646 | Orc:2    | Cast into level 1 of the Abyss (orc)
 16750 | Abyss:1  | Found a corrupted altar of Lugonu.
 16764 | Abyss:1  | Reached skill level 7 in Shields
 16927 | Abyss:1  | HP: 46/99 [wretched star/orb of energy (25)]
 16933 | Abyss:1  | Reached skill level 11 in Fighting
 16933 | Abyss:1  | Reached skill level 7 in Invocations
 16936 | Abyss:1  | Noticed a green death
 16943 | Abyss:1  | HP: 32/100 [green death (17)]
 17052 | Abyss:1  | Noticed a tentacled starspawn
 17104 | Abyss:1  | Killed a tentacled starspawn
 17104 | Abyss:1  | Gained mutation: You are in touch with the powers of death.
                  | [Mummy growth]
 17104 | Abyss:1  | Reached XP level 13. HP: 57/106 MP: 10/18
 17175 | Abyss:1  | Noticed a starcursed mass
 17196 | Abyss:1  | HP: 53/106 [starcursed mass (9)]
 17202 | Abyss:1  | HP: 33/106 [starcursed mass/accursed screaming (9)]
 17207 | Abyss:1  | HP: 11/106 [small abomination (8)]
 17212 | Abyss:1  | HP: 7/106 [starcursed mass/accursed screaming (5)]
 17258 | Abyss:1  | Slain by a lorocyproca

Vanquished Creatures
  A tentacled starspawn (Abyss:1)
  A stone giant (Orc:1)
  2 ice dragons (IceCv)
  4 two-headed ogres
  A thrashing horror (Abyss:1)
  Urug (D:9)
  A wretched star (Abyss:1)
  A sea snake (D:8)
  An unseen horror (D:10)
  The ghost of HydraWiggins the Skirmisher, a novice TrAE of Sif Muna (D:6)
  4 starcursed masses (Abyss:1)
  The ghost of Ontamu the Basher, a novice GrFi of Okawaru (D:8)
  A worldbinder (Abyss:1)
  A centaur zombie (D:10)
  2 ice statues (IceCv)
  A centaur skeleton (D:10)
  A smoke demon (Abyss:1)
  A gargoyle (D:9)
  2 rime drakes (IceCv)
  An ancient zyme (Abyss:1)
  2 queen bees
  A hornet (D:8)
  2 hippogriffs (D:9)
  4 small abominations (Abyss:1)
  2 wraiths
  A ynoxinul (Abyss:1)
  Sigmund (D:5)
  4 yaks (D:9)
  A steam dragon (D:8)
  2 hungry ghosts
  3 water moccasins
  Duvessa (D:7)
  A black bear (D:9)
  24 ice beasts
  2 sky beasts
  An eye of draining (Abyss:1)
  9 orc warriors
  3 phantoms
  8 ogres
  6 centaurs
  A big kobold (D:9)
  4 bullfrogs
  A gnoll sergeant (D:5)
  Dowan (D:7)
  56 killer bees
  3 scorpions
  5 wights (D:6)
  4 electric eels (D:10)
  4 howler monkeys
  A quasit (Abyss:1)
  6 hounds
  A jelly (D:9)
  11 orc priests
  A bullfrog skeleton (D:9)
  2 iguanas
  41 orc wizards
  4 worker ants
  A killer bee zombie (D:8)
  A spectral hound (D:6)
  A hound skeleton (D:9)
  A mummy (D:6)
  A howler monkey zombie (D:7)
  4 worker ant zombies
  6 gnolls
  9 adders
  5 shadow imps
  3 adder skeletons
  A worm (D:6)
  2 dart slugs
  2 leopard geckos
  67 orcs
  2 ball pythons (D:6)
  5 bats
  8 giant cockroaches
  5 goblins
  6 hobgoblins
  5 jackals
  3 quokkas
  5 frilled lizards
  A jackal zombie (D:5)
  11 kobolds
  2 quokka skeletons
  A quokka zombie (D:5)
  9 rats
  A starspawn tentacle (Abyss:1)
421 creatures vanquished.

Vanquished Creatures (others)
  4 orcs (D:10)
  2 starspawn tentacles (Abyss:1)
6 creatures vanquished.

Grand Total: 427 creatures vanquished

Table legend:
 A = Turns spent in this place as a percentage of turns spent in the entire game.
 B = Non-inter-level travel turns spent in this place as a percentage of non-inter-level travel turns spent in the entire game.
 C = Inter-level travel turns spent in this place as a percentage of turns spent in this place.
 D = Turns resting spent in this place as a percentage of non-inter-level travel turns spent in this place.
 E = Turns spent auto-exploring this place as a percentage of non-inter-level travel turns spent in this place.
 F = Non-inter-level travel turns spent in this place divided by the number of levels of this place that you've seen.
                   A       B       C       D       E      F
               +-------+-------+-------+-------+-------+----------------------
         Total | 100.0 | 100.0 |   4.9 |  40.9 |  37.6 | 1094.1
       Dungeon |  81.0 |  80.1 |   6.0 |  36.5 |  42.2 | 1195.3
  Orcish Mines |   5.5 |   5.7 |   1.0 |  44.8 |  33.9 | 466.5
         Abyss |   3.5 |   3.7 |   0.0 |  54.2 |  13.1 | 612.0
      Ice Cave |  10.0 |  10.5 |   0.0 |  67.5 |  13.3 | 1718.0
               +-------+-------+-------+-------+-------+----------------------
